Map: [ESL] Hard Lead

Players

DKZDark (Dark) - Winner!

  • Race: Zerg Zerg
  • League: Master
  • Spawn Location: 5:00

DKZherO (herO)

  • Race: Protoss Protoss
  • League: Grandmaster
  • Spawn Location: 11:00

Event: IEM Katowice 2024

VOD

Have the link to the VOD?

Description

Time

  • Played on: Dec. 6, 2023, 5:42 a.m.
  • Length: 12:35

All games in this series

Show
View Real Time Build Order
Export as new Build Order

DKZDark Zerg - Winner!

Build Orders: Hatch First 

Get SALT Encoding   

  12  0:00  Drone  
  13  0:12  Overlord  
  13  0:16  Drone  
  14  0:30  Drone x2  
  16  0:47  Hatchery  
  15  0:51  Drone  
  15  0:55  Drone  
  15  0:57  Drone  
  18  1:09  Extractor  
  17  1:12  Spawning Pool  
  17  1:17  Drone  
  17  1:20  Drone  
  18  1:29  Drone  
  19  1:39  Drone  
  20  1:49  Overlord  
  20  1:59  Queen x2  
  20  2:00  Zergling x2  
  25  2:01  Zergling x2  
  26  2:11  Zergling x2, Metabolic Boost  
  26  2:14  Drone  
  28  2:22  Drone x2  
  30  2:32  Drone x2  
  32  2:42  Drone  
  33  2:46  Hatchery  
  33  2:51  Queen  
  34  2:58  Overlord  
  34  3:00  Drone x2  
  35  3:11  Overlord  
  35  3:13  Drone  
  35  3:16  Queen  
  35  3:17  Drone x2  
  35  3:19  Drone  
  41  3:23  Zergling x2, Drone  
  41  3:25  Zergling x2  
  44  3:31  Queen  
  46  3:34  Drone x2  
  46  3:39  Spore Crawler  
  47  3:41  Drone x2  
  47  3:45  Drone  
  50  3:49  Zergling x4  
  52  3:58  Spore Crawler  
  52  4:00  Drone x4  
  55  4:03  Queen  
  55  4:08  Overlord  
  56  4:11  Overlord  
  56  4:13  Drone  
  57  4:22  Evolution Chamber  
  56  4:24  Drone  
  56  4:26  Drone x3  
  56  4:27  Drone  
  56  4:28  Drone x2  
  56  4:29  Drone  
  56  4:30  Drone  
  59  4:35  Drone x2  
  59  4:36  Drone  
  62  4:44  Drone  
  62  4:45  Drone  
  64  4:48  Drone x3  
  64  4:49  Zerg Melee Weapons Level 1, Drone  
  64  4:52  Drone x2  
  70  5:05  Drone  
  70  5:06  Drone x3  
  73  5:07  Overlord  
  73  5:12  Overlord  
  73  5:13  Lair  
  71  5:16  Drone x2  
  73  5:21  Overlord  
  73  5:25  Hatchery  
  73  5:26  Overlord  
  73  5:27  Drone, Roach Warren  
  73  5:28  Extractor  
  71  5:29  Zergling x2  
  71  5:31  Drone x3  
  71  5:33  Drone  
  76  5:35  Drone x2  
  76  5:39  Drone  
  79  5:43  Drone  
  79  5:45  Extractor  
  79  5:47  Drone x2  
  79  5:48  Drone  
  82  5:50  Hatchery  
  82  5:53  Extractor  
  80  5:57  Drone  
  80  5:59  Extractor  
  80  6:07  Drone  
  80  6:08  Roach x4  
  80  6:09  Roach x3  
  95  6:18  Glial Reconstitution  
  95  6:22  Zergling x14  
  102  6:26  Overseer  
  102  6:31  Overlord x3  
  102  6:38  Roach x5  
  112  6:45  Zerg Melee Weapons Level 2  
  112  6:50  Baneling Nest, Roach x2  
  112  6:51  Roach  
  117  6:55  Drone x5  
  117  6:56  Drone x2  
  117  6:58  Drone x2  
  126  7:03  Zergling x12  
  132  7:09  Zergling x4  
  132  7:11  Overlord  
  132  7:13  Zergling x4  
  135  7:16  Overlord  
  135  7:20  Roach x2  
  139  7:25  Zergling x2  
  139  7:26  Zergling x4  
  139  7:27  Overlord  
  139  7:28  Overlord  
  142  7:30  Overlord  
  142  7:31  Roach x4  
  142  7:34  Zergling x4  
  148  7:41  Roach x9  
  148  7:42  Ravager  
  148  7:43  Ravager  
  151  7:47  Roach x4  
  140  7:53  Roach x5  
  140  7:57  Baneling x3  
  139  7:59  Centrifugal Hooks  
  139  8:00  Baneling  
  139  8:01  Baneling x5  
  139  8:03  Zergling x8  
  143  8:06  Zergling x6  
  143  8:12  Zergling x10  
  151  8:13  Zergling x4  
  151  8:17  Zergling x8  
  157  8:22  Zergling x2  
  157  8:23  Zergling x8, Baneling x2  
  162  8:29  Zergling x2  
  162  8:30  Zergling x10  
  162  8:32  Drone x2  
  170  8:40  Baneling x13  
  170  8:41  Baneling x4  
  169  8:46  Zergling x10  
  173  8:58  Zergling x2  
  173  8:59  Zergling x20  
  173  9:00  Baneling x7  
  173  9:01  Zerg Missile Weapons Level 1  
  169  9:12  Zergling x26  
  175  9:21  Zergling x20  
  175  9:25  Zergling x2  
  175  9:27  Roach x2  
  175  9:28  Roach  
  175  9:30  Roach  
  170  9:33  Roach x2  
  168  9:39  Zergling x10  
  168  9:44  Baneling  
  168  9:45  Baneling x4  
  168  9:46  Baneling x12  
  168  9:47  Baneling x4  
  168  9:51  Zergling x6  
  171  9:53  Zergling x10  
  176  10:01  Zergling x10  
  176  10:06  Baneling  
  172  10:17  Zergling x6  
  155  10:21  Zergling x2  
  155  10:24  Roach x5  
  155  10:32  Zergling x24  
  156  10:37  Zergling x4  
  156  10:39  Roach  
  156  10:41  Roach  
  143  10:43  Roach  
  143  10:44  Zergling x2  
  143  10:49  Zergling x10  
  144  10:53  Zergling x2  
  140  10:57  Zergling x2  
  140  10:58  Zergling x4  
  140  11:00  Zergling x2  
  144  11:06  Zergling x4  
  144  11:08  Zergling x2  
  144  11:10  Zergling x2  
  148  11:12  Zergling x4  
  148  11:14  Overlord  
  148  11:18  Zergling x8  
  154  11:20  Baneling x20, Hatchery  
  154  11:21  Zergling x8  
  154  11:24  Zergling x6  
  161  11:29  Zergling x12, Hatchery  
  161  11:32  Baneling x20  
  164  11:33  Baneling x3  
  164  11:36  Zergling x6  
  167  11:41  Zergling x4  
  167  11:42  Zergling x6  
  172  11:50  Baneling x10  
  172  11:52  Zergling x12  
  171  12:03  Zergling x10  
  171  12:08  Zergling x16  
  138  12:16  Zergling x14  
Show
View Real Time Build Order
Export as new Build Order

DKZherO Protoss 

Build Orders: 1 Gate Expand, Oracle Opening, Zealot Archon 

Get SALT Encoding   

  12  0:00  Probe  
  13  0:12  Probe  
  14  0:19  Pylon  
  14  0:24  Probe (Chrono Boost)  
  15  0:39  Probe (Chrono Boost)  
  15  0:40  Gateway  
  16  0:45  Probe (Chrono Boost)  
  17  0:50  Assimilator  
  17  0:53  Probe  
  18  1:05  Probe  
  19  1:17  Probe  
  20  1:28  Nexus  
  20  1:30  Probe  
  21  1:39  Cybernetics Core  
  21  1:43  Probe  
  22  1:49  Assimilator  
  22  1:56  Pylon  
  22  1:58  Probe  
  23  2:13  Adept (Chrono Boost)  
  23  2:14  Probe  
  24  2:19  Stargate  
  26  2:26  Probe  
  26  2:29  Warp Gate  
  27  2:36  Adept  
  29  2:40  Probe (Chrono Boost)  
  31  2:45  Probe (Chrono Boost)  
  31  2:50  Probe (Chrono Boost)  
  32  2:53  Probe (Chrono Boost)  
  32  2:54  Probe (Chrono Boost)  
  34  3:01  Oracle (Chrono Boost)  
  34  3:05  Probe  
  38  3:06  Probe  
  38  3:09  Adept  
  38  3:11  Pylon  
  41  3:17  Probe  
  41  3:18  Probe  
  43  3:27  Gateway  
  43  3:30  Oracle (Chrono Boost)  
  43  3:31  Probe  
  43  3:32  Probe  
  48  3:47  Nexus  
  48  3:52  Pylon  
  48  3:54  Probe  
  48  3:55  Probe  
  50  3:58  Oracle (Chrono Boost)  
  53  4:06  Assimilator  
  53  4:08  Assimilator  
  53  4:10  Probe x2  
  55  4:19  Forge  
  55  4:22  Twilight Council  
  55  4:23  Probe x2  
  57  4:35  Probe x2  
  57  4:38  Pylon  
  59  4:41  Gateway  
  59  4:43  Gateway  
  59  4:47  Probe x2  
  59  4:48  Protoss Ground Weapons Level 1 (Chrono Boost), Charge  
  63  5:02  Probe x2 (Chrono Boost)  
  63  5:06  Probe (Chrono Boost)  
  66  5:14  Shield Battery  
  66  5:15  Probe x2 (Chrono Boost)  
  66  5:17  Probe (Chrono Boost)  
  66  5:18  Robotics Facility  
  67  5:23  Probe x2 (Chrono Boost)  
  67  5:24  Sentry, Pylon  
  67  5:25  Sentry  
  67  5:26  Probe (Chrono Boost)  
  67  5:28  Probe x2 (Chrono Boost)  
  74  5:33  Gateway, Probe  
  77  5:36  Gateway  
  77  5:38  Probe x2  
  79  5:45  Probe  
  79  5:48  Assimilator  
  79  5:49  Assimilator  
  80  5:50  Templar Archives, Probe  
  80  5:53  Probe  
  80  5:56  Pylon  
  82  5:57  Probe  
  82  6:00  Gateway  
  82  6:02  Gateway, Warp Prism (Chrono Boost)  
  83  6:08  Probe  
  83  6:09  Probe x2  
  88  6:16  Robotics Bay  
  88  6:21  Zealot x4, Photon Cannon  
  96  6:28  Pylon  
  96  6:29  Pylon  
  96  6:31  Observer, Pylon  
  96  6:32  Protoss Ground Weapons Level 2 (Chrono Boost), High Templar x2  
  101  6:37  Archon  
  101  6:45  Pylon  
  101  6:46  Pylon  
  101  6:49  Stalker x3  
  101  6:52  Zealot  
  109  6:59  Disruptor (Chrono Boost)  
  109  7:06  High Templar  
  115  7:13  High Templar  
  115  7:14  Zealot x3, Shield Battery  
  123  7:16  Nexus  
  123  7:17  Pylon  
  123  7:18  Archon, Pylon  
  123  7:20  Disruptor  
  127  7:43  Zealot x7  
  123  7:53  Disruptor (Chrono Boost)  
  123  7:59  Probe x2  
  123  8:00  Probe  
  123  8:02  Photon Cannon  
  123  8:03  Shield Battery  
  126  8:06  High Templar x2  
  126  8:07  High Templar x2, Zealot x4  
  126  8:11  Probe x2  
  126  8:12  Archon x2, Probe  
  145  8:20  Disruptor (Chrono Boost)  
  145  8:23  Gateway  
  145  8:26  Gateway  
  149  8:28  Shield Battery  
  149  8:29  Zealot x4  
  149  8:30  Probe x4  
  161  8:36  Protoss Ground Armor Level 1 (Chrono Boost)  
  161  8:39  Assimilator  
  161  8:40  Assimilator  
  159  8:49  Disruptor  
  159  8:50  High Templar  
  159  8:51  High Templar, Zealot x4  
  159  8:55  Photon Cannon  
  171  9:00  Archon  
  159  9:11  Zealot x3  
  131  9:24  Disruptor (Chrono Boost)  
  131  9:26  Zealot x5  
  132  9:32  Zealot x3  
  128  9:46  High Templar  
  128  9:47  High Templar, Zealot x3  
  128  9:50  Zealot x2  
  142  9:54  Disruptor (Chrono Boost)  
  142  9:55  Zealot x3  
  141  10:07  Zealot x3  
  143  10:15  Stalker x5  
  143  10:23  Stalker  
  143  10:24  Archon  
  118  10:31  Zealot x4  
  96  10:40  Zealot x4  
  81  10:56  Disruptor (Chrono Boost)  
  73  10:57  Stalker  
  73  10:58  Stalker x5  
  73  11:03  Zealot x4  
  93  11:14  Pylon  
  93  11:22  Zealot, Disruptor (Chrono Boost)  
  93  11:24  Stalker x4  
  107  11:28  High Templar x2  
  111  11:35  Archon, Stalker x2  
  113  11:48  Stalker x2  
  113  11:50  Disruptor  
  113  12:04  Stalker  
  113  12:05  Stalker x3  

Tags
 
Add a new tag
Caveats
  • Supply blocks, unpowered buildings, or Contaminate may cause inaccurate times.
  • Supply counts are checked every 10 seconds.